 Dungeon Crawl Stone Soup version 0.27-a0-604-g29a88b33a7 (webtiles) character file.

Game seed: 17310622926888588917

32 dickylongcocking the Vexing (level 3, 0/36 HPs)
             Began as an Ogre Arcane Marksman on Mar 13, 2021.
             Succumbed to an adder's poison
             ... on level 2 of the Dungeon.
             The game lasted 00:01:11 (1617 turns).

dickylongcocking the Vexing (Ogre Arcane Marksman)  Turns: 1617, Time: 00:01:11

Health: 0/36       AC:  3    Str: 14    XL:     3   Next: 25%
Magic:  3/4        EV: 10    Int: 14    God:
Gold:   40         SH:  0    Dex: 10    Spells: 3/4 levels left

rFire    . . .     SeeInvis .   k - +0 club
rCold    . . .     Faith    .   (no shield)
rNeg     . . .     Spirit   .   a - +0 robe
rPois    .         Reflect  .   (helmet restricted)
rElec    .         Harm     .   (no cloak)
rCorr    .         Rampage  .   (gloves unavailable)
Will     .....                  (boots unavailable)
Stlth    +.........             (no amulet)
HPRegen  0.12/turn              (no ring)
MPRegen  0.09/turn              (no ring)

@: lethally poisoned (0 -> -3), very slightly contaminated
A: large, unfitting armour, tough skin 1
a: no special abilities


You were on level 2 of the Dungeon.
You visited 1 branch of the dungeon, and saw 2 of its levels.

You collected 40 gold pieces.

Inventory:

Hand Weapons
 i - a +0 dagger
 k - a +0 club (weapon)
Missiles
 m - 3 boomerangs (quivered)
Armour
 a - a +0 robe (worn)
Scrolls
 e - a scroll of blinking {unknown}
 f - a scroll of identify {unknown}
 g - a scroll of magic mapping {unknown}
 h - a scroll of enchant weapon {unknown}
 j - a scroll of amnesia {unknown}
 l - a scroll of enchant armour {unknown}


   Skills:
 * Level 2.7 Fighting
 * Level 1.0 Maces & Flails
 - Level 2.4 Throwing
 - Level 1.9 Dodging
 - Level 1.2 Spellcasting
 - Level 2.8 Hexes


You had 3 spell levels left.
You knew the following spells:

 Your Spells              Type           Power      Damage    Failure   Level
a - Corona                Hex            8%         N/A       9%          1

Your spell library contained the following spells:

 Spells                   Type           Power      Damage    Failure   Level
 Slow                     Hex            8%         N/A       12%         2
 Inner Flame              Hex/Fire       4%         N/A       41%         3
 Portal Projectile        Hex/Tloc       8%         N/A       41%         3
 Cause Fear               Hex            4%         N/A       63%         4
 Leda's Liquefaction      Hex/Erth       2%         N/A       82%         4


Dungeon Overview and Level Annotations

Branches:
Dungeon (2/15)

Altars:


Innate Abilities, Weirdness & Mutations

You are too large for most types of armour.
You have tough skin. (AC +1)


Message History

You aren't carrying any items that you can evoke.
Unknown command.
* * * LOW HITPOINT WARNING * * *
You feel sick.
You aren't carrying any potions.
Unknown command.
Throw: 3 boomerangs
Press: ? - help, Q - select action, (/) - cycle Shift-Dir - straight line, f - jackal
Aim: a jackal (50% to hit)
You throw a boomerang. The boomerang hits the jackal.
The jackal is moderately wounded.
The jackal bites you.
* * * LOW HITPOINT WARNING * * *
Unknown command.
Throw: 3 boomerangs
Press: ? - help, Q - select action, (/) - cycle Shift-Dir - straight line, f/p - jackal
Aim: a jackal (moderately wounded, 50% to hit)
You throw a boomerang.
The boomerang closely misses the jackal.
* * * LOW HITPOINT WARNING * * *
You feel sick. The jackal bites you.
* * * LOW HITPOINT WARNING * * *
The jackal bites you but does no damage.
Unknown command.
Throw: 3 boomerangs
Press: ? - help, Q - select action, (/) - cycle Shift-Dir - straight line, f/p - jackal
Aim: a jackal (moderately wounded, 50% to hit)
You throw a boomerang. The boomerang barely misses the jackal.
The jackal bites you.
* * * LOW HITPOINT WARNING * * *
Unknown command.
Casting: Corona (safe; 9% risk of failure)
Confirm with . or Enter, or press ? or * to list all spells.
Aiming: Corona (safe; 9% risk of failure)
Press: ? - help, Shift-Dir - straight line, f/p - jackal
Aim: a jackal (moderately wounded, chance to affect: 61%)
You miscast Corona.
You are very lightly contaminated with residual magic.
Nothing appears to happen.
You die...

##### ####...#
......###
###.......### .
...>........ ...
.....?.#
.....###...###
#(.(†h....#
.......##@.#.#
.......##..#.#####
.................#
.....#.###...###>###
######! ##........#
#. #.####.#.# # ..
#.# #.#.####### #(#
#.#.......# #.#
#.#######..


You could see a jackal.

Vanquished Creatures
  An adder (D:2)
  2 ball pythons
  3 bats
  2 giant cockroaches (D:1)
  4 goblins
  3 hobgoblins
  A jackal (D:2)
  A kobold (D:1)
  A quokka (D:2)
18 creatures vanquished.

Notes
Turn   | Place    | Note
-------+----------+-------------------------------------------
     0 | D:1      | dickylongcocking the Ogre Arcane Marksman began the quest
                  | for the Orb.
     0 | D:1      | Reached XP level 1. HP: 19/19 MP: 2/2
   517 | D:1      | Reached XP level 2. HP: 25/27 MP: 3/3
  1613 | D:2      | Reached skill level 1 in Maces & Flails
  1613 | D:2      | Reached XP level 3. HP: 6/36 MP: 4/4
  1616 | D:2      | HP: 1/36 [jackal (1)]
  1617 | D:2      | Succumbed to an adder's poison

Illustrated notes

Levels and vault maps discovered:
D:1:      lemuel_arrival_room, layout_loops_corners, minmay_shallow_snake_nest
D:2:      layout_loops_ring, eino_tiny_chamber, nemelex_diamond_rough_becter,
          uniq_robin

Skill      XL: |  1  2 |
---------------+-------+-----
Fighting       | 2 |  2.7
Maces & Flails | 1 |  1.0
Throwing       | |  2.4
Dodging        | |  1.9
Spellcasting   | |  1.2
Hexes          | |  2.8

Action                   || total
-------------------------++-------
Melee: Unarmed           ||    31
       Club              ||    39
       Dagger            ||    16
Throw: Large rock        ||     5
       Throwing net      ||     2
       Boomerang         ||     4
  Use: Potion            ||     2
Armor: Robe              ||    38
Dodge: Dodged            ||    58

Table legend: (Time is in decaauts)
 A = Elapsed time spent in this place.
 B = Non-inter-level travel time spent in this place.
 C = Inter-level travel time spent in this place.
 D = Time resting spent in this place.
 E = Time spent auto-exploring this place.
 F = Levels seen in this place.
 G = Mean time per level.
                   A        B        C        D        E       F      G
               +--------+--------+--------+--------+--------+-----+--------+
         Total |   1631 |   1595 |     36 |    336 |   1054 |   2 |  815.5 |
       Dungeon |   1631 |   1595 |     36 |    336 |   1054 |   2 |  815.5 |
               +--------+--------+--------+--------+--------+-----+--------+

Top non-repeatable levels by time:
     D:1: 1290 daAuts
     D:2: 340 daAuts
